Map: Overgrowth LE (Void)

Players

Mephis - Winner!

  • Race: Terran Terran
  • League: Master
  • Spawn Location: 1:00

Musumeci

  • Race: Zerg Zerg
  • League: Diamond
  • Spawn Location: 7:00

VOD

Have the link to the VOD?

Description

Time

  • Played on: Jan. 15, 2017, 12:43 p.m.
  • Length: 5:23
Show
View Real Time Build Order
Export as new Build Order

Mephis Terran - Winner!

Build Orders:  

Get SALT Encoding   

  12  0:01  SCV  
  13  0:14  SCV  
  13  0:17  Supply Depot  
  14  0:26  SCV  
  15  0:39  SCV  
  15  0:40  Refinery  
  16  0:44  Barracks  
  16  0:51  SCV  
  17  1:03  SCV  
  18  1:06  Barracks  
  18  1:15  SCV  
  19  1:31  Orbital Command  
  19  1:32  Supply Depot  
  19  1:33  Reaper  
  20  1:42  Barracks  
  20  1:55  Barracks  
  20  2:01  Refinery  
  20  2:03  Reaper  
  22  2:08  Reaper  
  22  2:10  SCV  
  23  2:22  SCV  
  24  2:29  Supply Depot  
  24  2:32  Reaper  
  24  2:34  SCV  
  24  2:35  Reaper  
  27  2:40  Reaper  
  28  2:46  SCV  
  29  2:54  Reaper  
  29  2:56  Engineering Bay  
  30  2:58  SCV  
  30  3:10  SCV  
  31  3:13  Reaper x2  
  33  3:23  Reaper  
  34  3:37  Reaper  
  34  3:42  Command Center  
  34  3:43  SCV  
  34  3:46  Supply Depot  
  35  3:54  Reaper  
  36  3:58  SCV  
  35  4:15  Reaper x2  
  36  4:25  Reaper  
  38  4:38  Reaper  
  37  4:58  Orbital Command, Supply Depot  
  38  5:01  Barracks  
  38  5:02  Marine  
  38  5:03  Marine  
  38  5:05  Supply Depot  
  41  5:15  Command Center  
Show
View Real Time Build Order
Export as new Build Order

Musumeci Zerg 

Build Orders: Pool First, Ravager All-In 

Get SALT Encoding   

  12  0:01  Drone  
  13  0:08  Drone  
  14  0:27  Spawning Pool  
  13  0:29  Extractor  
  13  0:31  Drone  
  14  0:48  Extractor  
  14  0:49  Extractor  
  12  0:54  Drone x2  
  15  1:18  Roach Warren  
  15  1:25  Overlord  
  14  1:42  Queen  
  14  1:45  Drone  
  17  1:59  Roach  
  17  2:00  Roach  
  21  2:03  Overlord  
  21  2:15  Extractor  
  19  2:39  Roach x3  
  25  2:53  Ravager x2  
  27  3:22  Ravager x2  
  27  3:26  Overlord  
  23  3:43  Ravager  
  24  3:55  Roach  
  26  3:57  Roach  
  28  4:16  Ravager  
  29  4:18  Ravager  
  29  4:19  Roach  
  23  4:55  Ravager  
  23  4:58  Roach  
  23  4:59  Roach  
  28  5:02  Drone x2  
  30  5:13  Hatchery  
Tags
 
Add a new tag
Caveats
  • Supply blocks, unpowered buildings, or Contaminate may cause inaccurate times.
  • Supply counts are checked every 10 seconds.